Map: Tours du crépuscule

Players

KpeHgeJIb

  • Race: Protoss Protoss

imbAllard - Winner!

  • Race: Zerg Zerg
  • League: Master

VOD

Have the link to the VOD?

Description

Time

  • Played on: April 13, 2016, 2:06 p.m.
  • Length: 13:44
Show
View Real Time Build Order
Export as new Build Order

KpeHgeJIb Protoss 

Build Orders: Nexus First, Dark Templar Rush 

Get SALT Encoding   

  12  0:02  Probe (Chrono Boost)  
  13  0:13  Probe (Chrono Boost)  
  14  0:18  Pylon  
  14  0:23  Probe (Chrono Boost)  
  15  0:36  Probe (Chrono Boost)  
  16  0:46  Probe (Chrono Boost)  
  17  1:03  Nexus  
  17  1:11  Gateway  
  17  1:14  Probe (Chrono Boost)  
  18  1:20  Assimilator  
  18  1:25  Probe (Chrono Boost)  
  19  1:27  Assimilator  
  19  1:35  Probe (Chrono Boost)  
  20  1:41  Pylon  
  20  1:44  Pylon  
  20  1:48  Probe (Chrono Boost)  
  21  2:01  Cybernetics Core  
  21  2:03  Probe (Chrono Boost)  
  22  2:14  Probe (Chrono Boost)  
  23  2:17  Probe (Chrono Boost)  
  24  2:26  Probe (Chrono Boost)  
  25  2:34  Probe (Chrono Boost)  
  26  2:39  Warp Gate  
  26  2:41  Stalker (Chrono Boost)  
  26  2:42  Probe  
  29  2:46  Twilight Council  
  29  2:47  Probe  
  30  2:54  Probe  
  31  3:02  Probe  
  31  3:04  Robotics Facility  
  32  3:08  Adept (Chrono Boost)  
  32  3:11  Probe  
  35  3:17  Probe  
  36  3:23  Dark Shrine  
  36  3:24  Probe  
  37  3:27  Probe  
  37  3:30  Pylon  
  38  3:37  Probe  
  39  3:42  Probe  
  39  3:48  Gateway  
  40  3:49  Gateway  
  40  3:52  Gateway  
  40  3:56  Probe x2  
  40  4:01  Warp Prism (Chrono Boost)  
  44  4:06  Assimilator  
  44  4:08  Assimilator  
  45  4:14  Mothership Core, Probe  
  47  4:25  Probe  
  48  4:35  Probe x2  
  48  4:37  Nexus, Pylon  
  50  4:46  Probe  
  50  4:47  Probe  
  50  4:48  Observer (Chrono Boost)  
  53  4:56  Probe  
  55  5:08  Dark Templar x3  
  55  5:11  Dark Templar  
  62  5:15  Pylon  
  62  5:21  Pylon  
  62  5:23  Forge  
  62  5:31  Probe  
  62  5:33  Probe  
  64  5:42  Probe  
  64  5:45  Probe  
  64  5:48  Probe  
  64  5:51  Immortal (Chrono Boost)  
  64  5:52  Probe  
  68  5:57  Gateway, Probe  
  68  5:59  Gateway  
  68  6:00  Probe  
  68  6:01  Gateway  
  68  6:03  Probe, Protoss Ground Weapons Level 1 (Chrono Boost)  
  64  6:05  Gateway  
  64  6:09  Probe  
  64  6:10  Stalker x2  
  70  6:11  Sentry  
  70  6:13  Sentry  
  70  6:17  Blink  
  74  6:21  Pylon  
  74  6:23  Probe x2  
  76  6:26  Probe  
  76  6:31  Immortal  
  77  6:33  Sentry x2, Probe  
  77  6:35  Probe  
  77  6:38  Probe  
  88  6:43  Pylon  
  88  6:45  Pylon  
  88  6:47  Probe  
  88  6:48  Probe  
  88  6:52  Stalker  
  88  6:53  Stalker  
  94  6:56  Probe  
  94  6:57  Probe  
  94  6:59  Assimilator x2  
  94  7:00  Sentry  
  98  7:02  Stalker  
  98  7:03  Sentry  
  98  7:08  Immortal, Probe  
  102  7:09  Probe x2  
  109  7:23  Pylon  
  109  7:25  Pylon x2  
  109  7:32  Stalker x2  
  109  7:34  Stalker  
  115  7:37  Stalker  
  115  7:42  Pylon, Warp Prism  
  117  7:47  Pylon  
  117  7:48  Stalker  
  117  7:50  Stalker, Protoss Ground Weapons Level 2 (Chrono Boost)  
  123  7:58  Stalker x2  
  123  7:59  Stalker  
  123  8:02  Stalker  
  131  8:06  Stalker  
  131  8:07  Stalker  
  135  8:23  Stalker, Sentry  
  135  8:24  Sentry, Nexus  
  135  8:26  Pylon  
  141  8:40  Pylon  
  141  8:41  Stalker x5  
  145  8:47  Observer  
  152  9:00  Dark Templar  
  152  9:01  Dark Templar  
  152  9:02  Stalker  
  158  9:04  Stalker x2  
  158  9:05  Stalker  
  158  9:07  Zealot x2  
  158  9:09  Warp Prism  
  161  9:31  Stalker x3  
  161  9:32  Stalker x3  
  173  9:42  Observer  
  136  9:54  Archon  
  136  10:04  Stalker  
  136  10:05  Stalker x6  
  136  10:06  Stalker  
  96  10:28  Stalker  
  96  10:29  Stalker x3  
  96  10:30  Stalker x2  
  96  10:31  Stalker x2  
  70  10:50  Mothership Core  
  70  10:52  Stalker  
  70  10:53  Stalker x4, Protoss Ground Armor Level 1 (Chrono Boost)  
  70  10:54  Stalker x3  
  87  11:16  Stalker x4  
  87  11:17  Stalker x3  
  101  11:19  Stalker  
  101  11:38  Nexus  
  101  11:39  Stalker  
  103  11:40  Stalker x5, Pylon  
  103  11:41  Stalker, Warp Prism  
  115  12:13  Stalker x3  
  115  12:14  Stalker x5  
  127  12:39  Stalker x3  
  127  12:40  Stalker x4  
  135  12:52  Photon Cannon  
  135  12:54  Photon Cannon  
  135  12:55  Pylon  
  123  13:00  Sentry  
  123  13:03  Stalker x2  
  123  13:04  Stalker  
  123  13:05  Sentry x2  
  127  13:14  Stalker x2  
  91  13:29  Probe  
  91  13:31  Stalker x2  
  91  13:32  Stalker x3  
Show
View Real Time Build Order
Export as new Build Order

imbAllard Zerg - Winner!

Build Orders: Hatch First 

Get SALT Encoding   

  12  0:01  Drone  
  13  0:08  Drone  
  14  0:18  Overlord  
  14  0:24  Extractor  
  14  0:25  Drone  
  15  0:36  Drone  
  15  0:37  Drone  
  17  0:54  Drone, Hatchery  
  17  1:00  Drone  
  18  1:13  Spawning Pool  
  18  1:15  Drone  
  18  1:19  Drone  
  19  1:45  Overlord  
  19  1:49  Extractor  
  18  1:56  Drone x2  
  18  2:00  Queen  
  22  2:04  Zergling x2  
  22  2:06  Queen  
  25  2:11  Drone  
  25  2:15  Drone  
  27  2:18  Drone  
  28  2:36  Queen  
  30  2:41  Queen  
  32  2:44  Drone  
  32  2:46  Drone  
  32  2:49  Drone  
  35  2:53  Metabolic Boost, Hatchery  
  34  2:59  Drone  
  34  3:01  Drone  
  36  3:17  Overlord x2  
  35  3:28  Lair  
  35  3:34  Roach Warren  
  35  3:36  Drone x5  
  35  3:38  Drone  
  40  3:41  Drone  
  40  3:48  Drone x3  
  44  3:53  Overlord, Extractor  
  44  3:54  Extractor  
  42  4:03  Drone x4  
  42  4:07  Overlord  
  46  4:12  Drone x2  
  46  4:15  Evolution Chamber  
  47  4:18  Drone x3  
  50  4:24  Overlord  
  50  4:26  Glial Reconstitution  
  50  4:37  Drone x3  
  53  4:38  Drone, Evolution Chamber  
  53  4:40  Extractor  
  53  4:44  Spore Crawler  
  51  4:46  Spore Crawler  
  51  4:48  Overseer  
  51  4:51  Roach  
  52  4:56  Roach  
  52  4:57  Spore Crawler  
  53  5:02  Roach x2  
  53  5:03  Roach  
  53  5:05  Drone  
  60  5:07  Drone  
  60  5:08  Drone  
  60  5:13  Drone  
  60  5:14  Drone  
  64  5:20  Drone x4  
  64  5:21  Drone  
  69  5:26  Overseer  
  69  5:29  Zerg Missile Weapons Level 1  
  69  5:31  Zerg Ground Armor Level 1  
  69  5:34  Overlord  
  65  5:56  Drone  
  65  5:57  Drone x3  
  68  5:58  Drone x2  
  71  6:06  Drone x6  
  71  6:07  Drone x2  
  71  6:11  Drone x4, Spore Crawler  
  81  6:13  Extractor x2  
  80  6:20  Hydralisk Den  
  79  6:31  Hatchery  
  78  6:38  Drone x2  
  78  6:39  Drone x2  
  82  6:41  Overlord  
  82  6:42  Overlord x4  
  82  6:51  Muscular Augments  
  82  6:53  Overlord x2  
  82  7:01  Infestation Pit  
  81  7:04  Overlord x4  
  81  7:20  Hydralisk x8  
  97  7:24  Zerg Missile Weapons Level 2  
  97  7:28  Zerg Ground Armor Level 2  
  97  7:32  Ravager  
  97  7:33  Ravager x4  
  102  7:45  Overlord x3  
  102  7:51  Hive  
  102  7:52  Drone x2  
  102  7:53  Spire  
  102  7:57  Roach x4  
  111  8:09  Drone x6  
  111  8:10  Drone x3  
  120  8:18  Roach  
  120  8:19  Roach x4  
  130  8:27  Extractor  
  130  8:30  Hydralisk x5  
  130  8:32  Extractor  
  138  8:36  Ravager  
  138  8:37  Ravager x3  
  142  8:43  Zergling x18  
  151  8:52  Ravager x3  
  154  9:05  Greater Spire  
  154  9:13  Hydralisk  
  154  9:14  Hydralisk x6  
  162  9:28  Roach  
  162  9:29  Roach x11  
  170  9:49  Mutalisk  
  170  9:50  Hydralisk x5  
  165  9:54  Zergling x16  
  165  9:58  Queen  
  175  10:00  Overlord x3  
  175  10:02  Pneumatized Carapace  
  175  10:09  Zerg Missile Weapons Level 3  
  159  10:17  Zergling x8  
  159  10:18  Zergling x14  
  120  10:31  Zergling x20  
  120  10:34  Zerg Ground Armor Level 3  
  111  10:43  Adrenal Glands  
  109  11:06  Corruptor x6, Hatchery  
  119  11:13  Drone x7  
  126  11:24  Hydralisk  
  126  11:25  Hydralisk x4  
  129  11:30  Pathogen Glands  
  129  11:33  Zerg Flyer Armor Level 1  
  129  11:46  Brood Lord x4  
  137  11:48  Hydralisk x2  
  138  11:55  Zergling x2  
  138  11:56  Zergling x14  
  139  12:02  Brood Lord x2  
  139  12:05  Hydralisk x2  
  145  12:17  Hydralisk x2  
  145  12:18  Hydralisk x3  
  154  12:28  Zergling x2  
  154  12:29  Zergling x24  
  167  12:35  Ultralisk Cavern  
  158  12:48  Hydralisk  
  158  12:49  Hydralisk x7  
  163  13:00  Zergling x22  
  173  13:12  Hydralisk  
  160  13:13  Hydralisk x5  
Tags
 
Add a new tag
Caveats
  • Supply blocks, unpowered buildings, or Contaminate may cause inaccurate times.
  • Supply counts are checked every 10 seconds.